[Event "Late-Titled-Tuesday-Blitz-May-07-2024"]
[Site "Chess.com"]
[Date "2024.05.07"]
[Round "7"]
[White "MagnusCarlsen"]
[Black "moro182"]
[Result "1/2-1/2"]
[WhiteElo "3198"]
[BlackElo "2892"]
[TimeControl "180+1"]
[EndTime "15:18:34 PDT"]
[Termination "Game drawn - insufficient material"]

1. c4 g6 2. d4 Bg7 3. Nc3 d6 4. e4 c5 5. d5 Bxc3+ 6. bxc3 e5 7. Bd3 Qe7 8. f4 exf4 9. Bxf4 Nf6 10. Nf3 Bg4 11.
O-O Nbd7 12. Qd2 Bxf3 13. gxf3 Nh5 14. Be3 g5 15. Kh1 h6 16. a4 Ne5 17. Be2 O-O-O 18.
a5 Rhf8 19. a6 b6 20. f4 Nxf4 21. Bxf4 gxf4 22. Qxf4 Qg5 23. Qxg5 hxg5 24. Rf5 Rh8 25. Rxg5 Rh4 26. Rf1 Rdh8 27. Rf2 Rxe4 28. Kg2 Kd8 29. Rh5 Rxh5 30. Bxh5 Ke7 31. Be2 Nxc4 32. Bd3 Rg4+ 33. Kh3 Ne5 34. Bb5 Rg5 35. Rf4 f5 36. Rf2 Kf6 37. Be2 Ng6 38. Rf1 Ke5 39. Bf3 Nf4+ 40. Kh4 Rg7 41. Re1+ Kf6 42. Re8 Rh7+ 43. Kg3 Ng6 44.
Re6+ Kg5 45. Rxd6 Nf4 46. h4+ Rxh4 47. Rd7 Rh3+ 48. Kf2 Rh2+ 49. Ke3 Ng6 50. Rxa7 Ne5 51. Re7 Nc4+ 52. Kd3 b5 53. Re2 Rh3 54. a7 Rxf3+ 55. Kc2 Nb6 56. Re6 Rf2+ 57. Kb3 c4+ 58. Ka3 b4+ 59. cxb4 Rf3+ 60. Kb2 Rf2+ 61. Kb1 Rf1+ 62. Kc2 Rf2+ 63. Kd1 Ra2 64. Rxb6 Rxa7 65. Kc2 Kf4 66. Kc3 Ke5 67. Kxc4 f4 68. Re6+ Kf5 69. b5 f3 70.
Re8 Rf7 71. Re1 f2 72. Rf1 Ke5 73. b6 Kd6 74. Kb5 Kxd5 75. Ka6 Ke4 76. b7 Rxb7 77. Kxb7 Ke3 78. Rxf2 Kxf2 1/2-1/2

[Event "Late-Titled-Tuesday-Blitz-May-07-2024"]
[Site "Chess.com"]
[Date "2024.05.07"]
[Round "7"]
[White "vladgoncharov"]
[Black "Mischuk_D"]
[Result "0-1"]
[WhiteElo "2587"]
[BlackElo "2803"]
[TimeControl "180+1"]
[EndTime "15:18:35 PDT"]
[Termination "Mischuk_D won on time"]

1. d4 Nf6 2. c4 g6 3. Nc3 d5 4.
Nf3 Bg7 5. Bf4 O-O 6. e3 c5 7. dxc5 Ne4 8. Be5 Bxe5 9. Nxe5 Nxc3 10. bxc3 Qa5 11. Qb3 Qc7 12. Nf3 dxc4 13. Bxc4 Qxc5 14. Qb4 Qc7 15. O-O Nc6 16. Qa3 b6 17. Bd5 Bb7 18. Rac1 Rfd8 19. Bxc6 Bxc6 20. c4 Bxf3 21. gxf3 Rac8 22. Rfd1 Rxd1+ 23. Rxd1 e6 24. Rd4 h5 25. h4 Kg7 26. Kg2 Re8 27. Qd3 Rc8 28. Rd7 Qxc4 29. Qxc4 Rxc4 30. Rxa7 Rxh4 31. f4 g5 32. fxg5 Rg4+ 33.
Kh3 Rxg5 34. Rb7 Rb5 35. a3 Kg6 36. a4 Rb4 37. Ra7 Rb2 38. Kg3 f6 39. a5 bxa5 40.
Rxa5 e5 41. Ra8 Rb4 42. Rg8+ Kf5 43. Rh8 Kg6 44. Rg8+ Kh7 45. Rf8 Kg7 46. Rd8 Rg4+ 47. Kh3 Rg1 48. Kh2 Rg5 49. Kh3 Kf7 50. Rd6 Kg6 51. f3 Rg1 52. Rd3 Kf5 53. Ra3 Kg5 54.
Kh2 Rc1 55. Kg3 h4+ 56. Kh2 Rc2+ 57. Kh3 Rf2 58. f4+ exf4 59. exf4+ Rxf4 60. Ra8 Rf3+ 61. Kg2 Rc3 62. Ra4 f5 63. Ra8 Kg4 64. Rg8+ Kf4 65.
Ra8 h3+ 66. Kh2 Kg4 67. Rg8+ Kf4 68. Ra8 Re3 69. Rb8 Kg4 70. Rg8+ Kf3 71. Rf8 f4 72.
Kxh3 Re2 73. Ra8 Kf2 74. Kh2 f3 75. Ra3 Rd2 76. Rb3 Re2 77. Ra3 Kf1+ 78. Kh1 f2 79. Ra1+ Re1 80. Ra2 Rc1 81. Kh2 Ke1 0-1

[Event "Late-Titled-Tuesday-Blitz-May-07-2024"]
[Site "Chess.com"]
[Date "2024.05.07"]
[Round "7"]
[White "frequentblunders"]
[Black "tolimachess"]
[Result "1-0"]
[WhiteElo "2221"]
[BlackElo "2394"]
[TimeControl "180+1"]
[EndTime "15:18:36 PDT"]
[Termination "frequentblunders won by checkmate"]

1. f4 c5 2. Nf3 Nc6 3. e4 g6 4.
Nc3 Bg7 5. Bc4 e6 6. Kf1 Nge7 7. Bb3 d5 8. d3 h5 9. g3 h4 10. Nxh4 Bxc3 11. bxc3 dxe4 12. Qe2 exd3 13. cxd3 Nd5 14. Bd2 Bd7 15. Kg1 Nce7 16. Kg2 Rxh4 17.
gxh4 Bc6 18. Kg1 Nf5 19. Be1 Nf6 20. Bg3 Nh5 21. Kf2 Qc7 22. Rhe1 O-O-O 23. Rad1 Nxf4 24. Qg4 Nxd3+ 25. Rxd3 Nxg3 26. Rxd8+ Qxd8 27. Qxg3 Qd2+ 28. Re2 Qc1 29. Qd6 Qh1 30. Ke3 Qg1+ 31. Kd2 Qa1 32. Kc2 a5 33. Rd2 Be4+ 34. Rd3 Bxd3+ 35. Qxd3 a4 36. Bc4 a3 37. Kd2 b5 38. Bxb5 Qb2+ 39. Ke3 Qxa2 40. Qd7+ Kb8 41. Qd6+ Ka7 42. Qxc5+ Kb7 43.
Qc6+ Kb8 44. Qb6+ Kc8 45. Bc6 Qb2 46. Qxb2 axb2 47. Be4 Kc7 48. Kd2 Kd6 49. Kc2 f5 50. Bd3 e5 51. Kxb2 e4 52. Bf1 f4 53. Kc2 Kc5 54.
Kd2 Kb6 55. Bh3 Kc5 56. Bc8 Kd5 57. Bb7+ Ke5 58. Ke2 Kf5 59. h3 Ke5 60. Bc6 Kf5 61. Bd7+ Ke5 62. Be8 Kf6 63. Bc6 Ke5 64. c4 Kd4 65.
Bd5 Ke5 66. Bg8 Kd4 67. Bh7 f3+ 68. Kf2 Kxc4 69. Bxg6 Kd4 70. h5 Ke5 71. h6 Kf4 72. Bxe4 Kxe4 73. h7 Kf4 74. h8=Q Kg5 75. Qf8 Kh4 76.
Qxf3 Kg5 77. Qg4+ Kh6 78. h4 Kh7 79. Qg5 Kh8 80. h5 Kh7 81. h6 Kh8 82. Qg7# 1-0

[Event "Late-Titled-Tuesday-Blitz-May-07-2024"]
[Site "Chess.com"]
[Date "2024.05.07"]
[Round "7"]
[White "Indefatigable11"]
[Black "robertoalejandro10"]
[Result "1/2-1/2"]
[WhiteElo "2399"]
[BlackElo "2504"]
[TimeControl "180+1"]
[EndTime "15:18:55 PDT"]
[Termination "Game drawn - insufficient material"]

1. d4 Nf6 2. Nf3 g6 3. c4 c5 4. g3 cxd4 5. Nxd4 Bg7 6. Bg2 O-O 7. O-O Nc6 8. Nc3 d6 9. Nxc6 bxc6 10. Bxc6 Bh3 11.
Bg2 Bxg2 12. Kxg2 Rc8 13. Qd3 Qc7 14. b3 d5 15. c5 Qxc5 16. Bb2 d4 17. Na4 Qd5+ 18. f3 e5 19. Rfc1 Qa8 20. Qb5 Nd5 21. Nc5 Ne3+ 22. Kg1 Qd5 23. a4 Rb8 24. Qd3 Rfc8 25.
Ne4 f5 26. Nd2 Re8 27. Nc4 Nxc4 28. bxc4 Qc6 29. Qd2 e4 30. fxe4 Qxe4 31. Re1 Rec8 32.
Rac1 h5 33. Ba1 Kh7 34. Qd3 Qxd3 35. exd3 Re8 36. Kf1 Kg8 37. Rxe8+ Rxe8 38. Re1 Rc8 39. Re7 Rb8 40. Kf2 Rb3 41. Rxa7 Rxd3 42. Rd7 Ra3 43. Bxd4 Ra2+ 44. Kf3 Bxd4 45. Rxd4 Rxa4 46. Rd5 Kf7 47.
Rd6 Rxc4 48. Rd7+ Kf6 49. Rd6+ Kg5 50. h4+ Kh6 51. Rd7 Rg4 52. Rd6 f4 53. gxf4 Rxh4 54. f5 Kg5 55. fxg6 Rg4 56. g7 Kf5 57. Rd5+ Kf6 58. Rxh5 Rxg7 59. Rh6+ Kg5 60. Rh8 Rf7+ 61. Kg3 Rb7 62. Rg8+ Kh6 63. Rf8 Kg7 64. Rf3 Rb4 65.
Kf2 Kg6 66. Kg3 Kg5 67. Re3 Rg4+ 68. Kf3 Rf4+ 69. Ke2 Ra4 70. Rf3 Kg4 71. Re3 Kf4 72. Rc3 Ke4 73. Kd2 Kd4 74. Rc2 Ra3 75. Kc1 Rh3 76. Kb2 Rg3 77. Rd2+ Kc4 78. Rc2+ Kb4 79. Rd2 Rb3+ 80. Kc2 Re3 81. Kd1 Kc3 82. Rc2+ Kb3 83. Re2 Rh3 84. Kd2 Kc4 85. Re4+ Kd5 86. Re3 Rh4 87. Kd3 Ra4 88. Rf3 Ra2 89. Ke3 Ke5 90.
Rg3 Rb2 91. Rg5+ Kf6 92. Rc5 Ke6 93. Ke4 Rb6 94. Rg5 Kf6 95. Rh5 Kg6 96. Rd5 Rb4+ 97.
Ke5 Rb6 98. Rd6+ Rxd6 99. Kxd6 1/2-1/2

[Event "Late-Titled-Tuesday-Blitz-May-07-2024"]
[Site "Chess.com"]
[Date "2024.05.07"]
[Round "7"]
[White "BabageldiAnnaberdiyev"]
[Black "realburq"]
[Result "1/2-1/2"]
[WhiteElo "2567"]
[BlackElo "2361"]
[TimeControl "180+1"]
[EndTime "15:19:02 PDT"]
[Termination "Game drawn by 50-move rule"]

1. e4 c5 2. Nf3 d6 3. d3 Nc6 4. Nbd2 g6 5. g3 Bg7 6. Bg2 Nf6 7. O-O O-O 8. Re1 e5 9. Nf1 Re8 10. a4 d5 11. c3 d4 12. cxd4 Nxd4 13. Nxd4 Qxd4 14.
Be3 Qd6 15. a5 Bg4 16. Qc2 Rac8 17. Nd2 Red8 18. Nc4 Qxd3 19. Qxd3 Rxd3 20. Nxe5 Rb3 21. Nxg4 Nxg4 22. Bh3 Nxe3 23. Bxc8 Nc2 24. a6 b5 25. Rad1 Nxe1 26. Rxe1 Bd4 27. Re2 Rxb2 28. Rxb2 Bxb2 29.
Bd7 b4 30. Bb5 Kf8 31. Bc4 Ke7 32. Kf1 f5 33. exf5 gxf5 34. f4 Bd4 35. Ke2 Kd6 36.
h3 h5 37. h4 Kc6 38. Kd3 Bf2 39. Bf7 Bxg3 40. Bxh5 Kb5 41. Be8+ Kxa6 42. Bd7 Bxh4 43. Kc4 Kb6 44. Bxf5 Bg3 45. Bc2 Bxf4 46. Ba4 Be3 47. Bb3 Bd4 48. Ba4 a6 49. Bb3 Kc7 50. Ba4 Kd6 51.
Bd1 a5 52. Ba4 Ke5 53. Kd3 Kf4 54. Bb3 Kf3 55. Ba4 Kf2 56. Bb3 Ke1 57. Ba4 Kf2 58.
Bb3 Kf3 59. Ba4 Bb2 60. Bb3 Kf4 61. Ba4 Ke5 62. Bb3 Kd6 63. Ba4 Kc7 64. Kc4 Kb6 65.
Bb3 Bd4 66. Ba4 Kc7 67. Bb3 Kd7 68. Ba4+ Ke6 69. Kd3 Kd5 70. Bb3+ Ke5 71. Ba4 Bg1 72. Bb3 Bh2 73. Ba4 Kd6 74. Kc4 Bg1 75. Kd3 Kd5 76.
Bb3+ Ke5 77. Ba4 Bd4 78. Bb3 Bb2 79. Ba4 Kf4 80. Bb3 Kf3 81. Ba4 Bc1 82. Bb3 Be3 83.
Ba4 Bg1 84. Bb3 Kf4 85. Ba4 Ke5 86. Bb3 Kd6 87. Ba4 Kc7 88. Kc4 Kb6 89. Bb3 Bh2 90. Ba4 Bc7 91. Bb3 Kb7 92. Ba4 Bb6 93. Bb3 Kc6 94. Ba4+ Kd6 95. Bb3 Ke5 96. Kd3 Bd8 97.
Ba4 Be7 98. Bb3 Kf4 99. Ba4 Bf6 100. Bb3 Ke5 101. Ba4 Kd6 1/2-1/2

[Event "Late-Titled-Tuesday-Blitz-May-07-2024"]
[Site "Chess.com"]
[Date "2024.05.07"]
[Round "7"]
[White "IlanSchnaider"]
[Black "semchik90"]
[Result "1-0"]
[WhiteElo "2719"]
[BlackElo "2449"]
[TimeControl "180+1"]
[EndTime "15:19:10 PDT"]
[Termination "IlanSchnaider won by resignation"]

1. Nf3 d5 2. c4 c6 3. e3 Nf6 4.
Nc3 g6 5. b3 Bg7 6. Bb2 O-O 7.
Be2 Ne4 8. O-O Bf5 9. Nh4 Be6 10. cxd5 cxd5 11. Rb1 Nxc3 12. Bxc3 d4 13. exd4 Bxd4 14. Qc1 Nc6 15. Nf3 Bf5 16. Rb2 Rc8 17. Bc4 e5 18.
Re1 Bxc3 19. dxc3 e4 20. Ng5 Ne5 21. Nxe4 Nxc4 22. bxc4 Rxc4 23. Ng3 Be6 24. Rxb7 Qa5 25. Qh6 Qxc3 26. Rxe6 Qa1+ 27. Nf1 Rc1 28. h3 Rxf1+ 29. Kh2 Rh1+ 30. Kg3 Qc3+ 31. Re3 Qd4 32. Rbe7 Rd1 33.
Re8 Qd6+ 34. f4 Rd5 35. Qh4 Rd3 36. Rxf8+ Kxf8 37. Rxd3 Qxd3+ 38. Kh2 Qd6 39. Qh6+ Ke7 40. Qg5+ f6 41. Qg3 Kf7 42. Qb3+ Kg7 43. Kg3 g5 44. Qb7+ Kh6 45. Kh2 Qxf4+ 46. Kh1 Qf1+ 47. Kh2 Qf4+ 48.
Kg1 Qe3+ 49. Kf1 Qb6 50. Qf7 Qb5+ 51. Kg1 Qc5+ 52. Kh1 Qc1+ 53. Kh2 Qf4+ 54. Kh1 g4 55. hxg4 Qf1+ 56. Kh2 Qf4+ 57. Kh3 Qe3+ 58. g3 Qe5 59.
Qf8+ Kg6 60. Qg8+ Kh6 61. Qf8+ Kg6 62. Qc8 Qe1 63. Qf5+ Kg7 64. Qd7+ Kg6 65. Qd3+ Kg7 66. Qf3 Qg1 67. a4 Qe1 68. Qb7+ Kg6 69. Qf3 a5 70. Qf5+ Kg7 71. Qf3 Qe5 72. Kg2 Qe1 73. Qb7+ Kg6 74. Qf3 Qd2+ 75. Kh3 Qe1 76. Qf5+ Kg7 77. g5 fxg5 78. Qxg5+ Kf7 79. Qd5+ Kg7 80. Kg2 Kg6 81. Qc6+ Kg7 82. Qb5 Qd2+ 83. Kf3 Qb4 84. Qxb4 axb4 85. Ke3 Kf6 86. Kd4 Kg5 87. Kc4 Kg4 88. a5 Kxg3 89. a6 h5 90. a7 h4 91.
a8=Q h3 92. Qh1 h2 93. Kxb4 Kh3 94. Kc3 Kg3 95. Kd3 Kh3 96. Ke3 Kg3 97. Ke2 1-0

[Event "Late-Titled-Tuesday-Blitz-May-07-2024"]
[Site "Chess.com"]
[Date "2024.05.07"]
[Round "7"]
[White "RantomOpening"]
[Black "TokChess"]
[Result "1-0"]
[WhiteElo "2507"]
[BlackElo "2623"]
[TimeControl "180+1"]
[EndTime "15:19:10 PDT"]
[Termination "RantomOpening won on time"]

1. Nc3 c5 2. Nf3 Nc6 3. d4 cxd4 4. Nxd4 g6 5. e4 Bg7 6. Be3 d6 7. Qd2 Nf6 8. Be2 O-O 9. f3 Nxd4 10. Bxd4 Be6 11.
O-O Qa5 12. Rfd1 Rfc8 13. Rac1 Nd7 14. Bxg7 Kxg7 15. Qd4+ Qe5 16. f4 Qxd4+ 17. Rxd4 Rc5 18. g4 Rac8 19. f5 Bc4 20. Bxc4 Rxc4 21. Rcd1 Rxc3 22. bxc3 Rxc3 23. R4d3 Rxc2 24. R3d2 Rc4 25. Rd4 Rc5 26. Rd5 Rc6 27. g5 Ra6 28. R1d2 f6 29. h4 Ne5 30.
Rc2 Nf3+ 31. Kf2 Nxh4 32. Rc7 Kf7 33. Kg3 fxg5 34. fxg6+ Nxg6 35. Rxg5 Rxa2 36. Rxb7 Ra3+ 37. Kf2 Ne5 38. Rf5+ Ke6 39. Rf8 Ra2+ 40. Kf1 Ra3 41. Re8 Ng6 42. Ke2 Ke5 43. Rd7 Ra2+ 44. Kd3 Nf4+ 45.
Kc4 Ng6 46. Kb3 Re2 47. Rxa7 Re3+ 48. Kc2 Rxe4 49. Rg8 Rh4 50. Rg7 e6 51. Rxh7 Rg4 52. Ra5+ d5 53. Rh5+ Ke4 54. Ra6 e5 55. Rh1 Rg2+ 56.
Kb3 Nf4 57. Re1+ Kf5 58. Ra8 d4 59. Rf8+ Kg4 60. Rxe5 d3 61. Re4 Rf2 62. Rd4 Kg3 63. Rg8+ Kf3 64. Rf8 Ke3 65. Rd6 Ke2 66. Re8+ Kd2 67.
Red8 Rf3 68. Kc4 Ng2 69. Rxd3+ Rxd3 70. Rxd3+ Ke2 71. Rd8 Kf2 72. Kd3 Kf3 73. Rf8+ Nf4+ 74. Kd4 Kg4 75. Ke4 Ng6 76. Rg8 Kg5 77. Ra8 Kf6 78. Ra5 Ke6 79. Ra6+ Kf7 80. Kf5 Ne7+ 81. Kg5 Nd5 82. Rh6 Ne7 83. Rf6+ Ke8 84. Re6 Kf7 85. Ra6 Ke8 86. Kf6 Nd5+ 87. Ke5 Ne7 88. Ke6 Nc8 89.
Ra1 Kd8 90. Rc1 Ne7 91. Rd1+ Ke8 92. Rh1 Ng8 93. Rh7 Kf8 94. Ra7 1-0

[Event "Late-Titled-Tuesday-Blitz-May-07-2024"]
[Site "Chess.com"]
[Date "2024.05.07"]
[Round "7"]
[White "Gareth-Bale11"]
[Black "Franmu14"]
[Result "1/2-1/2"]
[WhiteElo "2894"]
[BlackElo "2747"]
[TimeControl "180+1"]
[EndTime "15:21:27 PDT"]
[Termination "Game drawn by repetition"]

1. d4 d5 2. c4 e6 3. Nf3 Nf6 4.
Nc3 Nbd7 5. cxd5 exd5 6. Bg5 c6 7. e3 h6 8. Bh4 Be7 9. Bd3 O-O 10. Qc2 Re8 11. O-O Ne4 12. Bxe4 Bxh4 13. Bh7+ Kh8 14. Bd3 Bf6 15. Rae1 Nb6 16. a3 Bg4 17. h3 Bxf3 18.
gxf3 Rc8 19. Ne2 a5 20. Kg2 Qd6 21. Ng3 g6 22. f4 c5 23. dxc5 Rxc5 24. Qe2 Nc4 25.
Bxc4 Rxc4 26. Rd1 Qc6 27. Qf3 d4 28. e4 Bh4 29. e5 Bxg3 30. Kxg3 Rd8 31. Rd2 Kg7 32.
Rfd1 Rd5 33. h4 h5 34. Qe4 a4 35. Rd3 Rb5 36. Qxc6 Rxc6 37. Rxd4 Rxb2 38. Rxa4 Rc3+ 39.
Kg2 Rcc2 40. Rf1 Kf8 41. f5 Ke7 42. fxg6 fxg6 43. Kg3 Ke6 44. Re4 Rc3+ 45. f3 Rbb3 46. Kf4 Rxa3 47. Rb4 Rab3 48. Rd4 b5 49. Rd6+ Kf7 50.
Rf6+ Kg7 51. Kg5 Re3 52. Rxg6+ Kf7 53. Rf6+ Ke7 54. f4 Rg3+ 55. Kf5 Rbc3 56. Ra1 Rc7 57. Raa6 b4 58. Rae6+ Kd7 59. Rb6 b3 60. Rh6 Rcc3 61.
Rh7+ Kc8 62. Ra6 Kb8 63. Rb6+ Ka8 64. e6 Rgd3 65. e7 Re3 66. Re6 Rxe6 67. Kxe6 Re3+ 68. Kf7 b2 69. Rh8+ Kb7 70. e8=Q Rxe8 71. Rxe8 b1=Q 72. Kf6 Qb2+ 73. Re5 Qh2 74. Kg5 Qg3+ 75. Kxh5 Qxf4 76. Rg5 Kc7 77. Rg4 Qf5+ 78. Rg5 Qe4 79. Rg4 Qe7 80.
Kh6 Qf6+ 81. Kh5 Qf3 82. Kg5 Kd6 83. h5 Ke6 84. h6 Qf6+ 85. Kh5 Kf7 86. Rg7+ Kf8 87.
Rg5 Qf3+ 88. Kh4 Qf4+ 89. Kh5 Qh2+ 90. Kg6 Kg8 91. Rf5 Qc2 92. Kg5 Kh7 93. Rf7+ Kg8 94.
Rg7+ Kh8 95. Kh5 Qh2+ 96. Kg5 Qe5+ 97. Kg6 Qe6+ 98. Kh5 Qf5+ 99. Kh4 Qf6+ 100. Kh5 Qe6 101. Kg5 Qe5+ 102. Kg6 Qe8+ 103. Kg5 Qf8 104. Kg6 Qf4 105. Kh5 Qh2+ 106. Kg5 Qd2+ 107. Kh5 Qd1+ 108. Kg6 Qd3+ 109. Kh5 Qf3+ 110. Kg5 Qe4 111. Kh5 Qf5+ 112. Kh4 Qe5 113. Rg6 Kh7 114. Rg5 Qe2 115. Rg4 Kxh6 116. Rf4 Qh2+ 117. Kg4 Qg2+ 118. Kh4 Qd5 119. Rf6+ Kg7 120. Rf4 Kg6 121. Rg4+ Kf6 122. Rf4+ Kg6 123. Rg4+ Kh6 124. Rf4 Qe5 125. Rg4 Qf5 126. Kg3 Kh5 127. Rf4 Qd3+ 128. Rf3 Qc2 129. Rf4 Kg5 130. Rg4+ Kf5 131. Rf4+ Ke5 132. Rf3 Qg6+ 133. Kf2 Qg5 134. Re3+ Kf4 135. Rf3+ Ke4 136. Rg3 Qh4 137. Kg2 Qh5 138. Kg1 Kf4 139. Kg2 Qe2+ 140. Kh3 Qf1+ 141. Kh2 Qf2+ 142. Rg2 Qh4+ 143. Kg1 Kf3 144. Rg6 Qe1+ 145. Kh2 Qe5+ 146. Kg1 Qd4+ 147. Kh2 Qe5+ 148. Kg1 Qc5+ 149. Kh2 Qf2+ 150. Kh1 Qe1+ 151. Kh2 Qe5+ 1/2-1/2

[Event "Late-Titled-Tuesday-Blitz-May-07-2024"]
[Site "Chess.com"]
[Date "2024.05.07"]
[Round "8"]
[White "Pachonpower"]
[Black "ATM622"]
[Result "0-1"]
[WhiteElo "2379"]
[BlackElo "2536"]
[TimeControl "180+1"]
[EndTime "15:23:57 PDT"]
[Termination "ATM622 won by resignation"]

1. d4 g6 2. Nf3 Bg7 3. Nc3 c5 4. e3 Nf6 5. b3 cxd4 6. exd4 d5 7.
Bb2 O-O 8. Be2 Nc6 9. O-O Bf5 10. a3 Rc8 11. Bd3 Ne4 12. Re1 Nxd4 13. Nxd4 Bxd4 14. Bxe4 dxe4 0-1

[Event "Late-Titled-Tuesday-Blitz-May-07-2024"]
[Site "Chess.com"]
[Date "2024.05.07"]
[Round "8"]
[White "ccccvhhhj"]
[Black "nochewycandy"]
[Result "0-1"]
[WhiteElo "2485"]
[BlackElo "2773"]
[TimeControl "180+1"]
[EndTime "15:24:06 PDT"]
[Termination "nochewycandy won by resignation"]

1. e4 c5 2. Nf3 d6 3. d4 cxd4 4. Nxd4 Nf6 5. Nc3 Nc6 6. Bg5 Ng8 7. Qd2 h6 8. Be3 g6 9. f3 Bg7 10. O-O-O Bd7 11. g4 a6 12. h4 Rc8 13. Bh3 Ne5 14.
b3 Nxf3 15. Nxf3 Bxc3 16. Qf2 Qa5 17. Kb1 Nf6 18. Bd4 Nxe4 19. Qe3 Bxd4 20. Qxd4 Nc3+ 21. Kc1 Ne2+ 0-1

[Event "Late-Titled-Tuesday-Blitz-May-07-2024"]
[Site "Chess.com"]
[Date "2024.05.07"]
[Round "8"]
[White "azikom"]
[Black "Sandstad"]
[Result "1-0"]
[WhiteElo "2734"]
[BlackElo "2432"]
[TimeControl "180+1"]
[EndTime "15:24:26 PDT"]
[Termination "azikom won by resignation"]

1. e4 e5 2. Nc3 Nf6 3. Bc4 Nc6 4. d3 Bc5 5. h3 d6 6. Nge2 a6 7. Ng3 Na5 8. Qf3 h6 9. Be3 Bb4 10. Bd2 Nxc4 11. dxc4 Be6 12. b3 Qd7 13. a4 O-O-O 14. O-O Rdg8 15. Rfd1 h5 16. Nd5 Bxd2 17. Rxd2 h4 18.
Nf1 Nxd5 19. cxd5 Bxh3 20. Qxh3 1-0

[Event "Late-Titled-Tuesday-Blitz-May-07-2024"]
[Site "Chess.com"]
[Date "2024.05.07"]
[Round "8"]
[White "hsd2016"]
[Black "Chessdreamer2020"]
[Result "0-1"]
[WhiteElo "2362"]
[BlackElo "2521"]
[TimeControl "180+1"]
[EndTime "15:24:39 PDT"]
[Termination "Chessdreamer2020 won by resignation"]

1. d4 d6 2. c4 e5 3. dxe5 dxe5 4. Qxd8+ Kxd8 5. Nc3 c6 6. Nf3 f6 7. e4 Be6 8. Be3 Nd7 9. O-O-O Kc7 10. Ne1 Nh6 11.
f3 Nf7 12. b3 a5 13. Nd3 b6 14.
Kb2 Nd6 15. a4 Nb7 16. g3 Ndc5 17. Nxc5 Bxc5 18. Bxc5 Nxc5 19. Be2 Rad8 20. f4 Rd4 21. Rxd4 exd4 22. Nd1 Nxe4 23. Re1 Nc5 24. Nf2 Rd8 25. Nd3 Bf5 26. Kc2 Re8 27. Kd2 Bxd3 0-1

[Event "Late-Titled-Tuesday-Blitz-May-07-2024"]
[Site "Chess.com"]
[Date "2024.05.07"]
[Round "8"]
[White "hikaruchija"]
[Black "Godzillator"]
[Result "1-0"]
[WhiteElo "2518"]
[BlackElo "2352"]
[TimeControl "180+1"]
[EndTime "15:24:53 PDT"]
[Termination "hikaruchija won by resignation"]

1. e4 d5 2. Nc3 d4 3. Nce2 c5 4. d3 Nc6 5. g3 e5 6. Bg2 Bd6 7. f4 Nge7 8. Nf3 f6 9. c4 O-O 10. O-O Bg4 11. a3 a5 12. f5 g6 13. h3 Bxf3 14. Rxf3 gxf5 15. exf5 Kh8 16. g4 Rg8 17. Ng3 Qc7 18. Ne4 Raf8 19. Bh6 Rf7 20. Qd2 Nb8 21. Raf1 Nd7 22. g5 fxg5 23. Nxg5 Rf6 24. Ne4 Rf7 25.
f6 Nc6 26. Ng5 Nd8 27. Nxf7+ Nxf7 28. Bg7+ Rxg7 29. fxg7+ 1-0

[Event "Late-Titled-Tuesday-Blitz-May-07-2024"]
[Site "Chess.com"]
[Date "2024.05.07"]
[Round "8"]
[White "Rital44"]
[Black "sammartin99"]
[Result "0-1"]
[WhiteElo "2705"]
[BlackElo "2618"]
[TimeControl "180+1"]
[EndTime "15:25:08 PDT"]
[Termination "sammartin99 won by resignation"]

1. e4 c5 2. Nf3 Nc6 3. d4 cxd4 4. Nxd4 Nf6 5. Nc3 e5 6. Ndb5 d6 7. Bg5 a6 8. Bxf6 gxf6 9. Na3 b5 10. Nd5 f5 11. c3 fxe4 12. Qd4 exd4 13. cxd4 Be6 14.
Ne3 Nxd4 15. Rd1 Qa5+ 16. Rd2 Bg7 17. g3 Nf3+ 0-1

[Event "Late-Titled-Tuesday-Blitz-May-07-2024"]
[Site "Chess.com"]
[Date "2024.05.07"]
[Round "8"]
[White "manitodeplomo"]
[Black "Onthequiet"]
[Result "1-0"]
[WhiteElo "2589"]
[BlackElo "2394"]
[TimeControl "180+1"]
[EndTime "15:25:23 PDT"]
[Termination "manitodeplomo won by resignation"]

1. d4 Nf6 2. c4 e6 3. Nf3 Bb4+ 4.
Bd2 Be7 5. Nc3 b6 6. e4 d6 7. e5 Nfd7 8. Qe2 O-O 9. O-O-O Re8 10. Qe4 c6 11. Bd3 Nf8 12. h4 d5 13. Qg4 Ba6 14. Bh6 g6 15. h5 Bxc4 16. hxg6 fxg6 17. Bxf8 Bxf8 18. Bxg6 hxg6 19. Qxg6+ Bg7 20. Ng5 Re7 21. Rh8+ 1-0

[Event "Late-Titled-Tuesday-Blitz-May-07-2024"]
[Site "Chess.com"]
[Date "2024.05.07"]
[Round "8"]
[White "TheoSlade"]
[Black "OriTaichman"]
[Result "0-1"]
[WhiteElo "2470"]
[BlackElo "2616"]
[TimeControl "180+1"]
[EndTime "15:25:31 PDT"]
[Termination "OriTaichman won by checkmate"]

1. d4 Nf6 2. c4 g6 3. Nc3 Bg7 4. e4 O-O 5. Nf3 d6 6. Be2 e5 7. Be3 Ng4 8. Bg5 f6 9. Bh4 Nc6 10. d5 Ne7 11. h3 Nh6 12. g4 g5 13. Bg3 Ng6 14. Nd2 Nf4 15. Nf1 Nf7 16. Ne3 h5 17. gxh5 Nh6 18. Bg4 f5 19. exf5 e4 20. Nxe4 Bxb2 21.
Rb1 Be5 22. h4 Nxf5 23. hxg5 Nxe3 24. fxe3 Ng2+ 25. Kd2 Bxg3 26. Nxg3 Rf2+ 27. Kd3 Qxg5 28. Ne4 Qxe3# 0-1

[Event "Late-Titled-Tuesday-Blitz-May-07-2024"]
[Site "Chess.com"]
[Date "2024.05.07"]
[Round "8"]
[White "gabduschew"]
[Black "NM_Koval"]
[Result "1-0"]
[WhiteElo "2417"]
[BlackElo "2235"]
[TimeControl "180+1"]
[EndTime "15:25:45 PDT"]
[Termination "gabduschew won by resignation"]

1. e4 c5 2. Nf3 d6 3. d4 cxd4 4. Nxd4 Nf6 5. Bd3 g6 6. c4 Nc6 7. Nc2 Bg7 8. Nc3 Ne5 9. Be2 Be6 10. Ne3 Qc8 11. b3 Nfg4 12. Nxg4 Bxg4 13. Bb2 Bxe2 14. Qxe2 O-O 15. O-O Qc5 16. Kh1 f5 17. exf5 Rxf5 18.
Nd5 Re8 19. f4 Nc6 20. Bxg7 Kxg7 21. Nc7 Nd4 22. Nxe8+ Kf8 23. Qd3 Kxe8 24. Rad1 Ne6 25. Qe4 b5 26. Qxe6 1-0

[Event "Late-Titled-Tuesday-Blitz-May-07-2024"]
[Site "Chess.com"]
[Date "2024.05.07"]
[Round "8"]
[White "lilylg"]
[Black "FMalexhdez"]
[Result "0-1"]
[WhiteElo "2208"]
[BlackElo "2231"]
[TimeControl "180+1"]
[EndTime "15:25:47 PDT"]
[Termination "FMalexhdez won by resignation"]

1. d4 Nf6 2. c4 e6 3. Nf3 Bb4+ 4. Bd2 Qe7 5. g3 c5 6. Bxb4 cxb4 7. Bg2 O-O 8. O-O d5 9. Nbd2 b6 10. Qc2 Bb7 11.
Ne5 Rc8 12. Rac1 Nbd7 13. Nxd7 Qxd7 14. Qd1 dxc4 15. Nxc4 Bxg2 16. Kxg2 Rxc4 17. Rxc4 Qd5+ 18. f3 Qxc4 19. b3 Qc3 20. Qa1 Nd5 21. Rc1 Qd2 22. Re1 Nc3 23. Kf1 Qxd4 24. e3 Qd3+ 0-1

[Event "Late-Titled-Tuesday-Blitz-May-07-2024"]
[Site "Chess.com"]
[Date "2024.05.07"]
[Round "8"]
[White "Pidzsy"]
[Black "super_emi_26"]
[Result "0-1"]
[WhiteElo "2583"]
[BlackElo "2842"]
[TimeControl "180+1"]
[EndTime "15:26:11 PDT"]
[Termination "super_emi_26 won by resignation"]

1. g3 Nf6 2. Bg2 d5 3. c4 c6 4. Nf3 g6 5. O-O Bg7 6. d3 O-O 7. Nbd2 Bf5 8. b3 Ne4 9. dxe4 dxe4 10. Nh4 Bxa1 11. Nxf5 gxf5 12. e3 Nd7 13. Qh5 e6 14.
Ba3 Bg7 15. Bxf8 Qxf8 16. Rd1 Rd8 17. Qg5 Ne5 18. Qh5 Qd6 19. h4 Qd3 20. Kh2 h6 21. Bf1 Qc2 0-1

[Event "Late-Titled-Tuesday-Blitz-May-07-2024"]
[Site "Chess.com"]
[Date "2024.05.07"]
[Round "8"]
[White "1g60-1"]
[Black "NCchamp"]
[Result "0-1"]
[WhiteElo "2418"]
[BlackElo "2273"]
[TimeControl "180+1"]
[EndTime "15:26:11 PDT"]
[Termination "NCchamp won by resignation"]

1. Nf3 d5 2. e3 Nf6 3. c4 c6 4. Nc3 Bg4 5. h3 Bxf3 6. Qxf3 e6 7. b3 Nbd7 8. Bb2 Bd6 9. O-O-O O-O 10. g4 a5 11. Qg2 Qc7 12. g5 Ne8 13. h4 dxc4 14.
Bxc4 b5 15. Bd3 Nc5 16. Bc2 a4 17. g6 fxg6 18. Ne4 axb3 19. axb3 Nf6 20. Nxc5 Bxc5 21. Qe4 Nxe4 0-1

[Event "Late-Titled-Tuesday-Blitz-May-07-2024"]
[Site "Chess.com"]
[Date "2024.05.07"]
[Round "8"]
[White "simaopdias"]
[Black "PenguinPacks"]
[Result "0-1"]
[WhiteElo "2293"]
[BlackElo "2481"]
[TimeControl "180+1"]
[EndTime "15:26:22 PDT"]
[Termination "PenguinPacks won by checkmate"]

1. e4 c5 2. Nf3 d6 3. d4 cxd4 4.
Nxd4 Nf6 5. Nc3 a6 6. Be2 e5 7. Nb3 Be7 8. Be3 O-O 9. O-O Be6 10. Qd2 Nbd7 11. Rad1 b5 12. f3 Nb6 13. Na5 Qd7 14.
Qe1 Nc4 15. Nxc4 bxc4 16. Nd5 Bxd5 17. exd5 Rfc8 18. Qc3 Qb5 19. a4 Qxa4 20. Ra1 Qd7 21. Rfd1 e4 22. Bxc4 exf3 23. gxf3 Qh3 24. Bf2 Nh5 25.
Qd4 Qxf3 26. Rd3 Qf5 27. Bxa6 Nf4 28. Rd2 Bf6 29. Qe3 Qg5+ 30. Kh1 Qg2# 0-1

[Event "Late-Titled-Tuesday-Blitz-May-07-2024"]
[Site "Chess.com"]
[Date "2024.05.07"]
[Round "8"]
[White "Mikayel99"]
[Black "Eloist"]
[Result "0-1"]
[WhiteElo "2587"]
[BlackElo "2441"]
[TimeControl "180+1"]
[EndTime "15:26:25 PDT"]
[Termination "Eloist won by resignation"]

1. e4 e6 2. Nf3 d5 3. exd5 exd5 4.
c4 d4 5. d3 Bb4+ 6. Bd2 a5 7.
a3 Bxd2+ 8. Nbxd2 Nf6 9. Be2 O-O 10. O-O Nc6 11. b4 axb4 12. axb4 Rxa1 13. Qxa1 Re8 14.
Bd1 Nxb4 15. Nxd4 Nxd3 16. Bf3 Ne5 17. Rd1 Nxf3+ 18. N2xf3 Bg4 19. h3 Bxf3 20. Nxf3 Qe7 21. Re1 Qd7 22. Rxe8+ Qxe8 23. Qa7 Qc8 24. Nd4 g6 25.
Nb5 Ne8 26. Qc5 c6 27. Nd4 Qd7 28. Nf3 Qd1+ 29. Kh2 Qd6+ 30. Qxd6 Nxd6 31. c5 Ne4 0-1